 Dungeon Crawl Stone Soup version 0.18.1-50-g88ac8fd (webtiles) character file.

65 magog001 the Skirmisher (level 4, -2/41 HPs)
             Began as a Hill Orc Fighter on Aug 12, 2017.
             Slain by an ogre
             ... wielding a +0 giant spiked club
              (8 damage)
             ... on level 2 of the Dungeon.
             The game lasted 00:14:42 (2457 turns).

magog001 the Skirmisher (Hill Orc Fighter)          Turns: 2457, Time: 00:14:43

Health: -2/41      AC: 13    Str: 24    XL:     4   Next: 14%
Magic:  4/4        EV:  4    Int:  8    God:
Gold:   43         SH:  9    Dex: 10    Spells: 0 memorised, 3 levels left

rFire  + . .     SeeInvis .     a - +0 war axe
rCold  x . .     Gourm    .     g - +0 plate armour
rNeg   . . .     Faith    .     c - +0 shield
rPois  .         Spirit   .     t - +2 hat
rElec  .         Dismiss  .     (no cloak)
rCorr  .         Reflect  .     (no gloves)
SustAt .         Harm     .     (no boots)
MR     .....                    (no amulet)
Stlth  ..........               (no ring)
                                o - ring of fire

@: mighty, not resistant to hostile enchantments, extremely unstealthy
A: no striking features
a: no special abilities


You were on level 2 of the Dungeon.
You were not hungry.

You visited 1 branch of the dungeon, and saw 3 of its levels.

You collected 43 gold pieces.

Inventory:

Hand Weapons
 a - a +0 war axe (weapon)
 q - a +0 hunting sling
Missiles
 e - 6 poisoned needles
 m - 41 stones (quivered)
Armour
 c - a +0 shield (worn)
 g - a +0 plate armour (worn)
 t - a +2 hat (worn)
Jewellery
 o - a ring of fire (left hand)
Scrolls
 b - a scroll of immolation {unknown}
 j - 2 scrolls of amnesia {unknown}
 l - a scroll of enchant weapon {unknown}
 n - a scroll of remove curse {unknown}
 u - a scroll of identify {unknown}
Potions
 h - a potion of cure mutation {unknown}
 i - a potion of brilliance {unknown}
 k - a potion of agility {unknown}
 p - 2 potions of heal wounds {unknown}
 r - 3 potions of curing {unknown}
 s - 2 potions of flight {unknown}
Comestibles
 f - 2 bread rations
 v - 2 chunks of flesh
 w - a slice of pizza


   Skills:
 * Level 4.4 Fighting
 * Level 3.2 Axes
 * Level 4.1 Armour
 + Level 0.2 Dodging
 * Level 3.7 Shields


You had 3 spell levels left.
You didn't know any spells.

Dungeon Overview and Level Annotations

Branches:
Dungeon (3/15)

Altars:
Okawaru


Message History

You block the ogre's attack.
There is a stone staircase leading up here.
The ogre hits you with a giant spiked club.
You climb upwards.
There is a stone staircase leading down here.
You hit the ogre.
The ogre is lightly wounded.
The ogre hits you with a giant spiked club!
Some of the chunks of flesh in your inventory have rotted away.
Your plate armour prevents you from hitting the ogre.
The ogre is lightly wounded.
The ogre hits you with a giant spiked club!
* * * LOW HITPOINT WARNING * * *
You barely miss the ogre.
The ogre is lightly wounded.
The ogre barely misses you.
Drink which item? (? for menu, Esc to quit)
You feel very mighty all of a sudden.
The ogre hits you with a giant spiked club!
You die...

### #.. #### ##># #############
#8... #...........# #....
####.....).....#######8....
#.......)O@..........##....
####..............### #8...
#.#.#####.####...# ##....
#.#....##.# ##### #8....
#####....#.##.############....
####........#.##...........##8...
#........#.............##..# ##_#
#.##.##....#.#########'##..######
#.##.............................


You could see an ogre.

Vanquished Creatures
  An adder (D:2)
  An ooze (D:3)
  2 dart slugs (D:2)
  3 orcs (D:2)
  A ball python (D:2)
  4 bats
  9 goblins
  5 hobgoblins
  2 quokkas (D:2)
  2 giant newts
  10 kobolds
  6 rats
46 creatures vanquished.

Notes
Turn   | Place    | Note
--------------------------------------------------------------
     0 | D:1      | magog001 the Hill Orc Fighter began the quest for the Orb.
     0 | D:1      | Reached XP level 1. HP: 19/19 MP: 1/1
   554 | D:1      | Reached XP level 2. HP: 22/27 MP: 2/2
  1513 | D:2      | Reached XP level 3. HP: 33/33 MP: 3/3
  1923 | D:2      | Found an iron altar of Okawaru.
  2276 | D:3      | Reached XP level 4. HP: 40/40 MP: 4/4
  2440 | D:3      | Noticed an ogre
  2457 | D:2      | Slain by an ogre

Skill      XL: |  1  2  3 |
---------------+----------+-----
Fighting       | 4 |  4.4
Axes           | 3 |  3.2
Armour         | 4 |  4.1
Dodging        | |  0.2
Shields        | |  3.7

Action                   |  1- 3 |  4- 6 || total
-------------------------+-------+-------++-------
Melee: War axe           |   143 |    18 ||   161
Throw: Stone             |     4 |       ||     4
  Use: Potion            |       |     1 ||     1
  Eat: Bread ration      |     1 |       ||     1
       Chunk             |       |     1 ||     1
Armor: Plate armour      |   104 |    11 ||   115
       Scale mail        |     2 |       ||     2
Dodge: Dodged            |    21 |     3 ||    24
Block: Shield            |    85 |    10 ||    95
